 Dungeon Crawl Stone Soup version 0.19-a0-1735-g048f9dc (webtiles) character file.

23 JeffiDaFish the Sneak (level 2, 0/13 HPs)
             Began as a Spriggan Enchanter on Oct 1, 2016.
             Slain by a kobold (3 damage)
             ... on level 1 of the Dungeon.
             The game lasted 00:02:25 (915 turns).

JeffiDaFish the Sneak (Spriggan Enchanter)           Turns: 915, Time: 00:02:26

Health: 0/13       AC:  3    Str:  4    XL:     2   Next: 72%
Magic:  6/6        EV: 19    Int: 16    God:
Gold:   25         SH:  0    Dex: 16    Spells: 1 memorised, 5 levels left

rFire  . . .     SeeInvis +     a - +1 dagger
rCold  . . .     Gourm    .     b - +1 robe
rNeg   . . .     Faith    .     (shield restricted)
rPois  .         Spirit   .     (helmet restricted)
rElec  .         Dismiss  .     (no cloak)
rCorr  .         Reflect  .     (gloves unavailable)
MR     .....     Harm     .     (boots unavailable)
Stlth  +++.......               (no amulet)
                                (no ring)
                                (no ring)

@: very quick
A: unfitting armour, see invisible, herbivore 3, speed 3, slow metabolism 2
a: no special abilities


You were on level 1 of the Dungeon.
You were not hungry.

You visited 1 branch of the dungeon, and saw 1 of its levels.

You collected 25 gold pieces.

Inventory:

Hand Weapons
 a - a +1 dagger (weapon)
Armour
 b - a +1 robe (worn)
Scrolls
 e - a scroll of identify
 f - a scroll of amnesia
Books
 c - a book of Maledictions

   Spells                             Type                      Level
   a - Corona                         Hexes                        1
   b - Ensorcelled Hibernation        Hexes/Ice                    2
   c - Confuse                        Hexes                        3
   d - Tukima's Dance                 Hexes                        3
   e - Dazzling Spray                 Conjuration/Hexes            3
Comestibles
 d - a bread ration


   Skills:
 + Level 1.2 Short Blades
 + Level 3.6 Dodging
 + Level 4.8 Stealth
 + Level 2.9 Spellcasting
 + Level 4.1 Hexes


You had 5 spell levels left.
You knew the following spells:

 Your Spells              Type           Power        Failure   Level  Hunger
a - Corona                Hex            ###....      4%          1    #......


Dungeon Overview and Level Annotations

Branches:
Dungeon (1/15)

Altars:
Nemelex Xobeh


Innate Abilities, Weirdness & Mutations

You are very small and have problems with some larger weapons.
You are too small for most types of armour.
You have supernaturally acute eyesight. (SInv)
You are a herbivore.
You cover ground extremely quickly.
You need consume almost no food.


Message History

You see here a hobgoblin corpse.
No target in view!
You strike the helpless goblin from behind!
You puncture the goblin!
You kill the goblin!
You see here a goblin corpse.
You start resting.
You see here a goblin corpse.
You start resting.
You see here a goblin corpse.
You hit the kobold but do no damage. The kobold closely misses you.
You hit the kobold but do no damage. The kobold misses you.
You hit the kobold.
The kobold is moderately wounded.
The kobold barely misses you. x2
You barely miss the kobold. The kobold hits you with a whip!
Ouch! That really hurt!
* * * LOW HITPOINT WARNING * * *
The kobold hits you.
You die...

#####.###..........>#
*****...............#.#
***,.,..#..##.......###.#
*,,,#.###..###.#.#### *,#
*,*##..(##.# #.#.# *.#
*.,#)⌠.⌠...# #.#.######.#
*#.#.._..#.###..........#
*,,..⌠.⌠.#KK##..........#
*#,,**...###@##..........#
*,..,###†#...##..........##
*,##.#......###...........#
*,#.....##..##............#
*,#......(..#.............#
*,#...#.##.###............#
*,##.##.##.†..............#
*,...,..#######.##.#####..#**
*###,#### #.##.# *...,,


You could see 2 kobolds.

Vanquished Creatures
  A leopard gecko (D:1)
  A giant cockroach (D:1)
  6 goblins (D:1)
  3 hobgoblins (D:1)
  3 kobolds (D:1)
  2 bats (D:1)
  A frilled lizard (D:1)
  2 rats (D:1)
19 creatures vanquished.

Notes
Turn   | Place    | Note
-------+----------+-------------------------------------------
     0 | D:1      | JeffiDaFish the Spriggan Enchanter began the quest for the Orb.
     0 | D:1      | Reached XP level 1. HP: 9/9 MP: 5/5
   326 | D:1      | Reached XP level 2. HP: 13/13 MP: 6/6
   693 | D:1      | Found a sparkling altar of Nemelex Xobeh.
   915 | D:1      | Slain by a kobold

Vault maps used:
D:1:      lemuel_arrival_hallway, minmay_misc_feat_more_columns,
          minmay_hexomino_r4

Skill      XL: |  1  2 |
---------------+-------+-----
Hexes          | 4 |  4.1
Short Blades   | |  1.2
Dodging        | |  3.6
Stealth        | |  4.8
Spellcasting   | |  2.9

Action                   || total
-------------------------++-------
Melee: Dagger            ||    79
  Use: Scroll            ||     4
 Stab: Sleeping          ||     8
       Distracted        ||     1
Armor: Robe              ||     5
Dodge: Dodged            ||    55
